 Dungeon Crawl Stone Soup version 0.17-a0-2007-g96ac4c4 (webtiles) character file.

520 Ordine the Skirmisher (level 7, 0/51 HPs)
             Began as an Octopode Fighter on Oct 9, 2015.
             Slain by a killer bee (6 damage)
             ... on level 5 of the Dungeon.
             The game lasted 00:11:05 (4406 turns).

Ordine the Skirmisher (Octopode Fighter)            Turns: 4406, Time: 00:11:05

Health: 0/51       AC:  1    Str: 15    XL:     7   Next: 21%
Magic:  7/7        EV: 11    Int: 10    God:
Gold:   223        SH:  9    Dex: 14    Spells: 0 memorised, 6 levels left

rFire  . . .     SeeInvis .     a - +0 long sword
rCold  . . .     Clarity  .     b - +0 shield
rNeg   . . .     SustAt   +     (helmet restricted)
rPois  .         Gourm    .     (no amulet)
rElec  .         Spirit   .     l - ring of wizardry
rCorr  .         Warding  .     o - ring of protection from magic
rMut   .         Stasis   .     t - ring of sustain attributes
MR     +....                    (no ring)
Stlth  ++........               (no ring)
                                (no ring)
                                (no ring)
                                (no ring)

@: lethally poisoned (0 -> -8), somewhat resistant to hostile enchantments,
unstealthy
A: almost no armour, amphibious, 8 rings, constrict 8, camouflage 1, gelatinous
body 1
a: no special abilities


You were on level 5 of the Dungeon.
You were hungry.

You visited 1 branch of the dungeon, and saw 5 of its levels.

You collected 223 gold pieces.

Inventory:

Hand Weapons
 a - a +0 long sword (weapon)
 n - a +0 blowgun
Missiles
 f - 20 poisoned needles
Armour
 b - a +0 shield (worn)
Jewellery
 l - a ring of wizardry (left tentacle)
 o - a ring of protection from magic (right tentacle)
 t - a ring of sustain attributes (on tentacle)
Scrolls
 c - a scroll of amnesia
 m - 2 scrolls of remove curse
Potions
 e - a potion of flight
 j - a potion of heal wounds {unknown}
 k - a potion of brilliance {unknown}
 p - a potion of ambrosia {unknown}
 s - a potion of poison {unknown}
Comestibles
 d - 4 bread rations
 h - 3 meat rations
 i - a royal jelly


   Skills:
 + Level 5.9 Fighting
 + Level 5.6 Long Blades
 - Level 3.0 Dodging
 - Level 3.0 Shields


You had 6 spell levels left.
You didn't know any spells.

Dungeon Overview and Level Annotations

Branches:
Dungeon (5/15)
 Temple: D:4-7

Altars:
Cheibriados
Elyvilon
Yredelemnul
The Shining One


Innate Abilities, Weirdness & Mutations

You cannot wear most types of armour.
You are amphibious.
You can wear up to eight rings at the same time.
You can use your tentacles to constrict eight enemies at once.
Your skin changes colour to match your surroundings (Stealth).
Your rubbery body absorbs attacks (AC +1).


Message History

Unknown command.
You feel sick.
The killer bee stings you but does no damage.
You feel sick. The killer bee closely misses you.
You block the killer bee's attack.
You feel sick. The killer bee stings you. The killer bee stings you!
* * * LOW HITPOINT WARNING * * *
You block the killer bee's attack. You block the killer bee's attack.
The killer bee stings you.
* * * LOW HITPOINT WARNING * * *
You are lethally poisoned!
The killer bee poisons you! The killer bee barely misses you.
* * * LOW HITPOINT WARNING * * *
You feel sick. The killer bee barely misses you.
The killer bee barely misses you.
* * * LOW HITPOINT WARNING * * *
You feel sick. You block the killer bee's attack.
* * * LOW HITPOINT WARNING * * *
You feel sick. The killer bee stings you.
You die...

..... #'#####...#......
.....##.y..##...#......
............#...'......
$...........+...#......
............#...#......
...####y...##...####+##
.( ###.y.[##...## .
+.yy.........#
#.@..........#
#....!.......+
#............#
##############


You could see 5 killer bees.

Vanquished Creatures
  The ghost of Ordine the Skirmisher, an amateur OpFi (D:3)
  An ogre (D:4)
  A giant frog zombie (D:5)
  An iguana (D:4)
  3 gnolls (D:4)
  8 adders
  An ooze (D:1)
  3 worms (D:2)
  An adder zombie (D:3)
  6 giant geckos
  8 orcs
  7 bats
  4 giant cockroaches
  8 goblins
  6 hobgoblins
  A quokka (D:4)
  5 giant newts
  12 kobolds
  10 rats
87 creatures vanquished.

Notes
Turn   | Place    | Note
--------------------------------------------------------------
     0 | D:1      | Ordine the Octopode Fighter began the quest for the Orb.
     0 | D:1      | Reached XP level 1. HP: 16/16 MP: 1/1
    50 | D:1      | Reached XP level 2. HP: 13/21 MP: 2/2
   702 | D:1      | Reached XP level 3. HP: 26/26 MP: 3/3
  1500 | D:2      | Reached XP level 4. HP: 8/33 MP: 4/4
  1988 | D:2      | Found a snail-covered altar of Cheibriados.
  1989 | D:2      | Found a glowing golden altar of the Shining One.
  1990 | D:2      | Found a basalt altar of Yredelemnul.
  2325 | D:3      | Reached skill level 4 in Fighting
  2351 | D:3      | Noticed Ordine's ghost (amateur OpFi)
  2782 | D:3      | Reached XP level 5. HP: 37/37 MP: 5/5
  2801 | D:2      | Found a white marble altar of Elyvilon.
  2844 | D:3      | Killed Ordine's ghost
  2844 | D:3      | Reached skill level 5 in Fighting
  2844 | D:3      | Reached XP level 6. HP: 10/45 MP: 6/6
  3227 | D:3      | Reached skill level 5 in Long Blades
  4029 | D:4      | Reached XP level 7. HP: 29/51 MP: 7/7
  4330 | D:5      | Entered Level 5 of the Dungeon
  4406 | D:5      | Slain by a killer bee

Vault maps used:
D:1:      dpeg_arrival_radiant
D:2:      lemuel_upstairs_altar, minitemple, first_bread, grunt_decor_cap
D:3:      serial_curves, eino_curves_02, eino_curves_03
D:5:      serial_shops, kennysheep_little_box, kennysheep_generic_room_5

Action                   |  1- 3 |  4- 6 |  7- 9 || total
-------------------------+-------+-------+-------++-------
Melee: Long sword        |    36 |    35 |    14 ||    85
       Dagger            |    41 |    73 |       ||   114
  Use: Scroll            |     3 |     3 |     1 ||     7
       Potion            |       |     1 |     1 ||     2
 Stab: Sleeping          |    11 |     9 |     1 ||    21
  Eat: Chunk             |     2 |     8 |       ||    10
